Construct Section Command Post
Selects Air and Sea Battlegroup
Construct Platoon Command Post
6-pounder Anti-tank Gun Team
Selects Commando Section Paradrop
Selects M1 Pack Howitzer Paradrop
Commando Section Paradrop
Construct Company Command Post
Selects Incendiary Bombing Run
Construct Field Infirmary
Unlock Towed 17-pounder Anti-tank Guns
Selects Naval Bombardment
17-pounder Anti-tank Gun Team
Unlock M3 Grant Medium Tanks
Commando Section Paradrop
17-pounder Anti-tank Gun Team